 Dungeon Sprint DCSS version 0.19-a0-1922-g1e9a4c1 (webtiles) character file.

84 Naow the Sneak (level 4, 0/21 HPs)
             Began as a Spriggan Enchanter on Oct 24, 2016.
             Succumbed to a worker ant's poison
             ... in the Dungeon (Sprint IX: "|||||||||||||||||||||||||||||").
             The game lasted 00:00:45 (108 turns).

Naow the Sneak (Spriggan Enchanter)                  Turns: 108, Time: 00:00:45

Health: 0/21       AC:  3    Str:  5    XL:     4   Next: 23%
Magic:  9/12       EV: 18    Int: 16    God:
Gold:   0          SH:  0    Dex: 16    Spells: 1 memorised, 13 levels left

rFire  . . .     SeeInvis +     a - +1 dagger
rCold  . . .     Gourm    .     b - +1 robe
rNeg   . . .     Faith    .     (shield restricted)
rPois  .         Spirit   .     (helmet restricted)
rElec  .         Reflect  .     (no cloak)
rCorr  .         Harm     .     (gloves unavailable)
MR     .....     NoTele   +     (boots unavailable)
Stlth  ++++......               (no amulet)
                                (no ring)
                                (no ring)

@: lethally poisoned (0 -> -10), exhausted, slowed, quick
A: unfitting armour, see invisible, herbivore 3, speed 3, slow metabolism 2
a: no special abilities


You were in the Dungeon.
You were not hungry.

You visited 1 branch

Inventory:

Hand Weapons
 a - a +1 dagger (weapon)
Armour
 b - a +1 robe (worn)
Scrolls
 j - a scroll of blinking
Potions
 e - a potion of curing
 f - a potion of heal wounds
 g - a potion of haste
 h - 2 potions of magic
Books
 c - a book of Maledictions

   Spells                             Type                      Level
   a - Corona                         Hexes                        1
   b - Ensorcelled Hibernation        Hexes/Ice                    2
   c - Confuse                        Hexes                        3
   d - Tukima's Dance                 Hexes                        3
   e - Dazzling Spray                 Conjuration/Hexes            3
Comestibles
 d - a bread ration


   Skills:
 + Level 4.6 Short Blades
 - Level 3.0 Dodging
 + Level 7.8 Stealth
 + Level 5.7 Spellcasting
 + Level 6.0 Hexes


You had 13 spell levels left.
You knew the following spells:

 Your Spells              Type           Power        Failure   Level  Hunger
a - Corona                Hex            ###....      1%          1    None


Dungeon Overview and Level Annotations

Branches:
Dungeon (1/1)

Altars:


Innate Abilities, Weirdness & Mutations

You are very small and have problems with some larger weapons.
You are too small for most types of armour.
You have supernaturally acute eyesight. (SInv)
You are a herbivore.
You cover ground extremely quickly.
You need consume almost no food.


Message History

You hit the worker ant.
The worker ant is severely wounded.
You are no longer berserk.
You are exhausted.
You feel yourself slow down.
You hit the worker ant but do no damage.
The worker ant is severely wounded.
The worker ant misses you. The worker ant closely misses you.
You closely miss the worker ant.
The worker ant is severely wounded.
The worker ant misses you.
You hit the worker ant.
The worker ant is almost dead.
The worker ant barely misses you. The worker ant bites you.
* * * LOW HITPOINT WARNING * * *
You are lethally poisoned!
The worker ant poisons you!
You closely miss the worker ant.
The worker ant is almost dead.
You die... ▓▓▓▓▓▓▓▓▓▓▓▓▓▓▓▓▓▓ ▓<...'))...'@a...+ ▓▓▓▓▓▓▓▓▓▓▓▓▓▓▓▓▓▓

You could see a worker ant.

Vanquished Creatures
  A crimson imp (D)
  A hound (D)
  A shadow imp (D)
  2 dart slugs (D)
  An orc (D)
  A giant cockroach (D)
  2 kobolds (D)
9 creatures vanquished.

Notes
Turn   | Place    | Note
-------+----------+-------------------------------------------
     0 | D        | Naow the Spriggan Enchanter began the quest for the Orb.
     0 | D        | Reached XP level 1. HP: 9/9 MP: 5/5
    25 | D        | Reached skill level 5 in Stealth
    33 | D        | Reached XP level 2. HP: 11/13 MP: 5/7
    79 | D        | Noticed a crimson imp
    90 | D        | Reached skill level 6 in Stealth
    90 | D        | Reached skill level 5 in Hexes
    90 | D        | Reached XP level 3. HP: 12/16 MP: 8/10
    96 | D        | Reached skill level 7 in Stealth
    96 | D        | Reached skill level 5 in Spellcasting
    96 | D        | Reached XP level 4. HP: 14/21 MP: 8/12
   107 | D        | HP: 1/21 [worker ant (6)]
   108 | D        | Succumbed to a worker ant's poison

Vault maps used:
D:        linesprint

Skill      XL: |  1  2  3  4 |
---------------+-------------+-----
Spellcasting   | 3 4 5 |  5.7
Short Blades   | 2 3 4 |  4.6
Stealth        | 5 6 7 |  7.8
Hexes          | 4 5 6 |  6.0
Dodging        | |  3.0

Action                   |  1- 3 |  4- 6 || total
-------------------------+-------+-------++-------
Melee: Dagger            |    41 |    12 ||    53
  Use: Potion            |     1 |       ||     1
Armor: Robe              |     3 |     1 ||     4
Dodge: Dodged            |    21 |     5 ||    26
